cohdb
Replays
Latest Replays
All Replays
Popular Replays
Top Player Replays
Match Explorer
How It Works
Community
CoH3 Stats
Reddit
Sign in to upload your games and track your stats! →
Sign in with Steam
Match 41350416
Unlisted
Match 41350416
Overview
Messages
Build Orders
End
Pioneer Squad
Construct Infanterie Kompanie
MG 42 Machine Gun Team
Grenadier Squad
Selects Terror Battlegroup
Selects Terror Battlegroup
Selects Machine Gun Camouflage
Grenadier Squad
Construct Panzergrenadier Kompanie
Panzergrenadier Squad
251 Medium Carrier
Medical Station
Selects Interrogate
Pak 40 Anti-tank Gun Team
Panzergrenadier Squad
Support Elements
Selects Jericho Trumpet
Panzergrenadier Officer Quarters
Panzergrenadier Squad
Nebelwerfer 42 Rocket Launcher Team
Selects Defend the Fatherland
Construct Panzer Kompanie
Construct Panzer Kompanie
Jericho Trumpet
Sturmpanzer IV Brummbär
Selects V1 Rocket Strike
Medical Bunker
Jericho Trumpet
V1 Rocket Strike
Pak 40 Anti-tank Gun Team
Jericho Trumpet
桂妮薇尔
AI-Noob
实力不足只能当老六了
Looking For Jimmy
0
0
Comments
sign in to comment!
No comments posted yet!